 Dungeon Crawl Stone Soup version 0.17-a0-2064-g265a032 (webtiles) character file.

12153 pk666 the Thaumaturge (level 11, -2/55 HPs)
             Began as a Deep Elf Wizard on Oct 12, 2015.
             Was a Priest of Vehumet.
             Killed from afar by an electric eel (11 damage)
             ... with a bolt of electricity
             ... on level 10 of the Dungeon.
             The game lasted 00:56:35 (15572 turns).

pk666 the Thaumaturge (Deep Elf Wizard)            Turns: 15572, Time: 00:56:35

Health: -2/55      AC:  6    Str:  3    XL:     11   Next: 58%
Magic:  23/38      EV: 15    Int: 28    God:    Vehumet [***...]
Gold:   372        SH:  0    Dex:  8    Spells: 6 memorised, 19 levels left

rFire  . . .     SeeInvis .     J - +5 dagger of Fedhas {vamp, rC+ Int+2 Dex-5}
rCold  + . .     Clarity  .     a - +0 robe
rNeg   . . .     SustAt   .     (no shield)
rPois  .         Gourm    +     b - +0 hat
rElec  .         Spirit   .     r - +0 cloak
rCorr  .         Warding  .     m - +1 pair of gloves
rMut   .         Stasis   .     (no boots)
MR     ++...                    F - amulet of the gourmand
Stlth  ++........               t - ring of magical power
                                g - ring of protection from magic

@: repel missiles, very resistant to hostile enchantments, unstealthy
A: rugged brown scales 1, slow regeneration 1, weak 1
a: Renounce Religion


You were on level 10 of the Dungeon.
You worshipped Vehumet.
Vehumet was most pleased with you.
You were full.

You visited 2 branches of the dungeon, and saw 12 of its levels.
You also visited: Sewer.

You collected 632 gold pieces.
You spent 260 gold pieces at shops.

Inventory:

Hand Weapons
 i - a +0 dagger
 J - the +5 dagger of Fedhas (weapon) {vamp, rC+ Int+2 Dex-5}
   (You found it on level 5 of the Dungeon)

   It inflicts no extra harm, but heals its wielder somewhat when it strikes a
   living foe.
   It affects your intelligence (+2).
   It affects your dexterity (-5).
   It protects you from cold.
Armour
 a - a +0 robe (worn)
 b - a +0 hat (worn)
 m - a +1 pair of gloves (worn)
 r - a +0 cloak (worn)
Magical Staves
 H - an uncursed staff of poison
Jewellery
 g - a ring of protection from magic (left hand)
 l - an uncursed ring of sustain attributes
 t - a ring of magical power (right hand)
 w - an uncursed ring of fire
 y - an uncursed ring of positive energy
 z - an uncursed ring of ice
 F - an amulet of the gourmand (around neck)
 S - an uncursed ring of wizardry {unknown}
Wands
 v - a wand of fire (5)
 x - a wand of disintegration (8)
 E - a wand of confusion (26)
 I - a wand of disintegration (13)
 P - a wand of lightning (7)
 R - a wand of magic darts (12)
Scrolls
 f - 11 scrolls of identify
 k - 3 scrolls of fog
 n - 4 scrolls of blinking {unknown}
 o - 4 scrolls of random uselessness {unknown}
 p - a scroll of enchant armour {unknown}
 q - a scroll of enchant weapon {unknown}
 s - 5 scrolls of teleportation {unknown}
 u - 2 scrolls of magic mapping
 A - 4 scrolls of remove curse {unknown}
 D - 2 scrolls of recharging {unknown}
 G - a scroll of immolation {unknown}
 N - 2 scrolls of vulnerability {unknown}
 O - a scroll of noise {unknown}
Potions
 e - 3 potions of brilliance
 B - a potion of flight
 C - 4 potions of curing
 T - a potion of haste
Books
 c - a book of Minor Magic

   Spells                             Type                      Level
   a - Magic Dart                     Conjuration                  1
   b - Blink                          Translocation                2
   c - Call Imp                       Summoning                    2
   d - Repel Missiles                 Charms/Air                   2
   e - Slow                           Hexes                        2
   f - Conjure Flame                  Conjuration/Fire             3
   g - Mephitic Cloud                 Conjuration/Poison/Air       3
 L - a book of Air

   Spells                             Type                      Level
   a - Shock                          Conjuration/Air              1
   b - Swiftness                      Charms/Air                   2
   c - Repel Missiles                 Charms/Air                   2
   d - Static Discharge               Conjuration/Air              3
   e - Lightning Bolt                 Conjuration/Air              5
 M - a book of Annihilations

   Spells                             Type                      Level
   a - Poison Arrow                   Conjuration/Poison           6
   b - Chain Lightning                Conjuration/Air              8
   c - Lehudib's Crystal Spear        Conjuration/Earth            8
   d - Glaciate                       Conjuration/Ice              9
   e - Fire Storm                     Conjuration/Fire             9
Comestibles
 d - 8 bread rations
 h - 2 royal jellies
 j - 2 beef jerkies
 K - 2 meat rations
 Q - 24 fruits


   Skills:
 + Level 10.9 Dodging
 - Level 2.4 Stealth
 + Level 12.9 Spellcasting
 + Level 10.6 Conjurations
   Level 1.1 Summonings
 - Level 4.1 Translocations
 + Level 6.4 Fire Magic
 - Level 7.1 Air Magic
 - Level 3.2 Poison Magic


You had 19 spell levels left.
You knew the following spells:

 Your Spells              Type           Power        Failure   Level  Hunger
c - Lightning Bolt        Conj/Air       ######....   1%          5    ##.....
d - Conjure Flame         Conj/Fire      ######..     1%          3    None
q - Blink                 Tloc           N/A          1%          2    None
w - Repel Missiles        Chrm/Air       #####.       1%          2    None
x - Mephitic Cloud        Conj/Pois/Air  ######..     1%          3    None
z - Magic Dart            Conj           ####         1%          1    None


Dungeon Overview and Level Annotations

Branches:
Dungeon (11/15)            Temple (1/1) D:5
   Lair: D:8-11         Orc: D:9-12

Altars:
Ashenzari
Cheibriados
Dithmenos
Elyvilon
Fedhas
Gozag
Kikubaaqudgha
Nemelex Xobeh
Okawaru
Ru
Sif Muna
Trog
Vehumet
Xom
Yredelemnul
Zin
The Shining One

Shops:
D:5 (!!*[   D:8 }

Annotations:
D:11 Josephine


Innate Abilities, Weirdness & Mutations

You are partially covered in rugged brown scales (AC +1, +3% HP).
You regenerate slowly when monsters are visible.
You are weak. (Str -2)


Message History

Casting: Magic Dart
Confirm with . or Enter, or press ? or * to list all spells.
Aiming: Magic Dart
Press: ? - help, Shift-Dir - straight line, f/p - orc warrior
Aim: an orc warrior, wielding a dire flail and wearing a chain mail (moderately wounded, confused)
The magic dart hits the orc warrior.
The orc warrior is moderately wounded.
The electric eel shoots out a bolt of lightning at you!
The bolt of electricity hits you!
* * * LOW HITPOINT WARNING * * *
Casting: Magic Dart
Confirm with . or Enter, or press ? or * to list all spells.
Aiming: Magic Dart
Press: ? - help, Shift-Dir - straight line, f/p - orc warrior
Aim: an orc warrior, wielding a dire flail and wearing a chain mail (moderately wounded, confused)
The magic dart hits the orc warrior.
The orc warrior is moderately wounded.
The electric eel shoots out a bolt of lightning at you!
The bolt of electricity hits you!
You die...

#...........
#..............≈;h'
#..............≈8≈≈≈≈;
#..............8;≈≈≈≈;
#....................
#...........)... .§.
#.............# ..#
#...).......).##..#
#.............@...#
###..............o..#
...[#####......###..#
....# #......# ..#
###.# #......# ... #.#
#......# .... #.#
#......# ###. #.#
#......# #.# #......#


You could see an orc warrior (confused) and 2 electric eels.

Vanquished Creatures
  A tengu warrior (D:10)
  The ghost of brucemayne the Cleaver, a novice DsBe of Trog (D:10)
  Maurice (D:8)
  4 trolls (D:9)
  A two-headed ogre (D:9)
  Grinder (D:6)
  A tengu conjurer (D:10)
  Sigmund (D:4)
  A wyvern (D:8)
  2 hungry ghosts (D:9)
  6 yaks (D:8)
  2 deep elf magi
  A steam dragon (D:8)
  A hippogriff (D:4)
  Edmund (D:4)
  The ghost of Conn321 the Magician, an amateur DEWz of Kikubaaqudgha (D:5)
  2 orc warriors
  Purgy (Sewer)
  3 sky beasts
  A necrophage (D:10)
  4 ogres
  2 black bears
  2 centaurs (D:8)
  The ghost of Vidiiot the Twirler, an amateur HuGl of Okawaru (D:4)
  5 ice beasts
  2 big kobolds
  A gnoll sergeant (D:8)
  6 giant frogs
  4 wights (D:9)
  4 scorpions
  10 killer bees
  2 crimson imps
  A wasp zombie (D:6)
  2 giant frog zombies
  7 orc wizards
  A quasit (D:7)
  2 giant frog skeletons
  3 hounds
  2 jellies
  3 orc priests
  2 gnoll shamans
  10 worker ants
  2 centaur skeletons
  An iguana (D:8)
  A hound zombie (D:6)
  2 hound skeletons
  16 gnolls
  A river rat (D:4)
  3 shadow imps
  10 adders
  An ooze (D:3)
  An adder skeleton (D:4)
  5 worms
  8 giant geckos
  33 orcs
  4 ball pythons
  9 giant cockroaches
  8 goblins
  6 hobgoblins
  10 jackals
  3 quokkas
  8 bats
  A giant gecko skeleton (D:6)
  3 giant newts
  17 kobolds
  A quokka zombie (D:9)
  8 rats
271 creatures vanquished.

Notes
Turn   | Place    | Note
--------------------------------------------------------------
     0 | D:1      | pk666 the Deep Elf Wizard began the quest for the Orb.
     0 | D:1      | Reached XP level 1. HP: 10/10 MP: 7/7
   309 | D:1      | Reached XP level 2. HP: 15/15 MP: 6/9
   466 | D:1      | Reached skill level 5 in Spellcasting
  1417 | D:2      | Reached XP level 3. HP: 19/19 MP: 5/11
  1421 | D:2      | Learned a level 2 spell: Blink
  1424 | D:2      | Learned a level 2 spell: Repel Missiles
  1428 | D:2      | Learned a level 3 spell: Conjure Flame
  1432 | D:2      | Learned a level 3 spell: Mephitic Cloud
  1755 | D:2      | Found a bloodstained altar of Trog.
  2255 | D:3      | Reached skill level 1 in Air Magic
  2255 | D:3      | Reached XP level 4. HP: 24/24 MP: 13/13
  2265 | D:3      | Gained mutation: You are partially covered in rugged brown scales (AC +1, +3% HP). [potion of mutation]
  2265 | D:3      | Gained mutation: You regenerate slowly when monsters are visible. [potion of mutation]
  2265 | D:3      | Gained mutation: You are weak. (Str -2) [potion of mutation]
  2719 | D:3      | Reached skill level 1 in Poison Magic
  3088 | D:4      | Reached XP level 5. HP: 28/28 MP: 13/15
  3225 | D:4      | Found a glowing drain.
  3235 | Sewer    | Entered a sewer
  3239 | Sewer    | Reached skill level 6 in Spellcasting
  3396 | Sewer    | Noticed Purgy
  3403 | Sewer    | Killed Purgy
  3403 | Sewer    | Reached XP level 6. HP: 32/32 MP: 17/17
  3844 | D:4      | Noticed an ogre
  3851 | D:4      | Killed an ogre
  3860 | D:4      | Noticed Sigmund
  3875 | D:4      | Killed Sigmund
  3875 | D:4      | Reached XP level 7. HP: 37/37 MP: 12/19
  4131 | D:4      | Noticed Edmund
  4147 | D:4      | Killed Edmund
  4147 | D:4      | Reached skill level 7 in Spellcasting
  4147 | D:4      | Reached skill level 1 in Fire Magic
  4358 | D:4      | Noticed Vidiiot's ghost (amateur HuGl)
  4393 | D:4      | Killed Vidiiot's ghost
  4989 | D:5      | Entered Level 5 of the Dungeon
  4995 | D:5      | Noticed Conn321's ghost (amateur DEWz)
  5029 | D:4      | Reached skill level 5 in Conjurations
  5435 | D:5      | Found Olafeaba's Assorted Antiques.
  5446 | D:5      | Bought a silvery potion for 16 gold pieces
  5447 | D:5      | Lost strength.
  5518 | D:5      | Found Doigukho's Distillery.
  5526 | D:5      | Bought a potion of poison for 14 gold pieces
  5526 | D:5      | Bought a potion of poison for 14 gold pieces
  5858 | D:5      | Reached XP level 8. HP: 42/42 MP: 21/21
  5988 | D:5      | Found Pyer Mip's Armour Shoppe.
  6001 | D:5      | Found Avaeb's Distillery.
  6031 | D:5      | Bought a potion of heal wounds for 60 gold pieces
  6031 | D:5      | Bought a potion of curing for 36 gold pieces
  6031 | D:5      | Bought a potion of heal wounds for 60 gold pieces
  6031 | D:5      | Bought a potion of heal wounds for 60 gold pieces
  6041 | D:5      | Killed Conn321's ghost
  6089 | D:5      | Found Surym's Antique Weapon Emporium.
  6114 | D:5      | Reached skill level 8 in Spellcasting
  6234 | D:5      | Found a sacrificial altar of Ru.
  6357 | D:5      | Got a crystal dagger
  6392 | D:5      | Found a staircase to the Ecumenical Temple.
  6555 | Temple   | Entered the Ecumenical Temple
  6717 | Temple   | Became a worshipper of Vehumet
  6872 | D:6      | Noticed Grinder
  6887 | D:6      | Killed Grinder
  6923 | D:6      | Identified the +5 dagger of Fedhas {vamp, rC+ Int+2 Dex-5} (You found it on level 5 of the Dungeon)
  6951 | D:6      | Reached skill level 5 in Dodging
  7835 | D:6      | Learned a level 5 spell: Lightning Bolt
  7843 | D:7      | Reached XP level 9. HP: 46/46 MP: 23/23
  8222 | D:6      | Reached * piety under Vehumet
  8222 | D:6      | Offered knowledge of Flame Tongue by Vehumet.
  8445 | D:7      | Reached skill level 9 in Spellcasting
  8527 | D:7      | Found a deep blue altar of Sif Muna.
  8548 | D:7      | Reached skill level 11 in Spellcasting
  8548 | D:7      | Reached XP level 10. HP: 51/51 MP: 27/27
 10004 | D:8      | Noticed Maurice
 10143 | D:8      | Killed Maurice
 10609 | D:8      | Found Naefiti's Gadget Shop.
 11193 | D:8      | Reached skill level 12 in Spellcasting
 11317 | D:8      | Reached ** piety under Vehumet
 11317 | D:8      | Offered knowledge of Freeze by Vehumet.
 11870 | D:9      | Reached XP level 11. HP: 55/55 MP: 29/29
 11902 | D:9      | Reached skill level 5 in Fire Magic
 12057 | D:9      | Reached skill level 10 in Dodging
 12057 | D:9      | Reached skill level 10 in Conjurations
 12553 | D:9      | Found a glowing silver altar of Zin.
 12553 | D:9      | Found a shadowy altar of Dithmenos.
 13357 | D:9      | Found a blossoming altar of Fedhas.
 14016 | D:10     | Entered Level 10 of the Dungeon
 14070 | D:10     | Noticed brucemayne's ghost (novice DsBe)
 14123 | D:10     | Offered knowledge of Dazzling Spray by Vehumet.
 14415 | D:10     | Killed brucemayne's ghost
 14762 | D:10     | Noticed a hill giant
 14840 | D:10     | Reached *** piety under Vehumet
 14844 | D:10     | Noticed a tengu warrior
 14893 | D:11     | Noticed Josephine
 15212 | D:10     | Killed a tengu warrior
 15572 | D:10     | Killed from afar by an electric eel

Vault maps used:
D:1:      dpeg_arrival_three_same_balls, kennysheep_boxes
D:2:      bloody_trog, first_bread
D:4:      gup_sewer_entry_bubbles, uniq_sigmund, uniq_edmund
D:5:      overflow_temple_1_default, minmay_temple_entry_nine_rooms,
          serial_shops, shop, nicolae_shop_overgrown_old_shop, shop_fountains,
          kennysheep_mini, nicolae_shop_temple_entry_statues_fountains
D:6:      minmay_stone_trees_small, grunt_decor_arrowhead, uniq_grinder
D:7:      lemuel_blue_sif_altar
D:8:      serial_shops, kennysheep_mini_moat, blue_anna_alchemist, uniq_maurice
D:9:      nicolae_overflow_hidden_temple, amethyst_overflow_temple_binary,
          minmay_misc_feat_plants
D:10:     erik_orc_2, st_stairs_3
D:11:     minmay_separated_statues, david_lair_shrubbed, basic_altar,
          uniq_josephine
Temple:   bh_familiar_temple
Sewer:    sewer_co_purgy_island

Action                   |  1- 3 |  4- 6 |  7- 9 | 10-12 || total
-------------------------+-------+-------+-------+-------++-------
Melee: Dagger            |       |     3 |    17 |    15 ||    35
       Staff             |       |       |     2 |       ||     2
 Cast: Magic Dart        |   114 |   132 |   294 |   647 ||  1187
       Repel Missiles    |     2 |     1 |     1 |       ||     4
       Blink             |       |     1 |    10 |    18 ||    29
       Mephitic Cloud    |       |     3 |    13 |    48 ||    64
       Conjure Flame     |       |       |    21 |    46 ||    67
       Lightning Bolt    |       |       |     1 |    30 ||    31
  Use: Potion            |       |     7 |     7 |     4 ||    18
       Scroll            |       |     2 |       |       ||     2
 Stab: Confused          |       |       |       |     1 ||     1
  Eat: Chunk             |     4 |     5 |    24 |    21 ||    54
       Meat ration       |       |       |     1 |       ||     1
